 Dungeon Crawl Stone Soup version bcrawl-1.21.2-1-g32d02e0829 (webtiles) character file.

Game seed: 15399181255262283337

990 Mrkan the Cudgeler (level 7, -2/63 HPs)
             Began as a Minotaur Fighter on Feb 18, 2020.
             Was a Believer of Yredelemnul.
             Slain by Pikel
             ... wielding a +1 whip of electrocution
              (20 damage)
             ... on level 5 of the Dungeon on Feb 19, 2020.
             The game lasted 00:06:18 (4412 turns).

Mrkan the Cudgeler (Minotaur Fighter)               Turns: 4412, Time: 00:06:19

Health: -2/63      AC: 10    Str: 21    XL:     7   Next: 98%
Magic:  6/6        EV:  6    Int:  5    God:    Yredelemnul [**....]
Gold:   311        SH: 10    Dex: 11    Spells: 6/6 levels left

rFire    . . .     SeeInvis .   o - +0 flail (protect)
rCold    . . .     Gourm    .   c - +0 shield
rNeg     . . .     Faith    .   p - +0 chain mail
rPois    .         Spirit   .   (helmet restricted)
rElec    .         Reflect  .   (no cloak)
rCorr    .         Harm     .   (no gloves)
MR       .....                  (no boots)
Stlth    ..........             (no amulet)
HPRegen  0.20/turn              (no ring)
MPRegen  0.10/turn              (no ring)

@: no status effects
A: retaliatory headbutt, horns 2
a: Animate Remains, Recall Undead Slaves, Injury Mirror, Renounce Religion


You were on level 5 of the Dungeon.
You worshipped Yredelemnul.
Yredelemnul was pleased with you.
You were not hungry.

You visited 1 branch of the dungeon, and saw 5 of its levels.

You collected 311 gold pieces.

Inventory:

Hand Weapons
 a - a +0 flail
 o - a +0 flail of protection (weapon)
 q - a +3 whip of venom
Armour
 b - a +0 scale mail
 c - a +0 shield (worn)
 p - a +0 chain mail (worn)
Jewellery
 n - an uncursed ring of protection from fire {unknown}
 v - a +2 ring of intelligence {unknown}
Scrolls
 f - 10 scrolls of identify {unknown}
 k - 4 scrolls of remove curse {unknown}
 l - a scroll of immolation {unknown}
 r - 2 scrolls of blinking {unknown}
 s - 3 scrolls of fear {unknown}
 t - a scroll of magic mapping {unknown}
Potions
 d - a potion of might
 g - 2 potions of resistance
 h - 2 potions of lignification {unknown}
 i - 2 potions of flight {unknown}
 j - a potion of heal wounds
 m - 4 potions of curing {unknown}
 u - a potion of brilliance {unknown}
Comestibles
 e - 5 rations {!d}


   Skills:
 + Level 6.1 Fighting
 * Level 7.3 Maces & Flails
 + Level 6.1 Armour
 + Level 6.1 Shields


You had 6 spell levels left.
You didn't know any spells.
Your spell library was empty.

Dungeon Overview and Level Annotations

Branches:
Dungeon (5/12)
 Temple: D:4-7

Altars:
Fedhas
Uskayaw
Vehumet
Xom
Yredelemnul
The Shining One

Annotations:
D:4 2 transporters, yrara's ghost, novice DsFi
D:5 Pikel


Innate Abilities, Weirdness & Mutations

You reflexively headbutt those who attack you in melee.
You have a pair of horns on your head.


Message History

You resist with some effort. The slave closely misses you.
Your flying skull closely misses Pikel.
The slave hits you but does no damage. The slave hits you.
Pikel waves his whip at you.
Pikel hits you with a +1 whip of electrocution!
Your flying skull hits Pikel!
The slave hits you.
* * * LOW HITPOINT WARNING * * *
You feel less confused.
Your flying skull hits the slave!
The slave dies!
The slave hits you but does no damage. Pikel barely misses you.
The slave hits you but does no damage.
You closely miss Pikel. You headbutt Pikel.
Pikel is heavily wounded.
Your flying skull hits the slave.
Your flying skull hits Pikel.
Your flying skull hits the slave!
You block the slave's attack. x2
Your flying skull hits Pikel but does no damage.
Pikel hits you but does no damage.
You are electrocuted!!
You die...
Your body rises from the dead as a mindless zombie.

#z#... #.<.....%.
#.#... #........#
#z#... #........#
#z#... #........#
#.#... #........#
#.#... #........#
#...zz #.pp.....#
#####z #z@K.....#
#. ######zzp.....#
#z #...(zz########
#. #.####z#
.######z #.#
........
#.################.
#...zz.z..........(
###################


You could see Pikel, 3 slaves, 4 friendly flying skulls and 2 friendly wights.

Vanquished Creatures
  A sky beast (D:2)
  An ogre (D:5)
  A crimson imp (D:5)
  A quasit (D:5)
  A hound (D:4)
  An orc priest (D:4)
  Terence (D:2)
  2 worker ants
  3 adders
  A shadow imp (D:5)
  2 oozes
  2 worms (D:2)
  4 dart slugs
  5 leopard geckos
  12 orcs
  A ball python (D:1)
  6 bats
  4 giant cockroaches
  9 goblins
  9 hobgoblins
  7 jackals
  2 quokkas
  5 frilled lizards
  3 kobolds
  5 rats
89 creatures vanquished.

Vanquished Creatures (collateral kills)
  Grinder (D:5)
  A flying skull (D:5)
  Sigmund (D:5)
  A slave (D:5)
  An ice beast (D:5)
  An ogre (D:4)
  2 crimson imps
  An orc priest (D:4)
  2 worker ants
  An orc wizard (D:4)
  A dart slug (D:3)
  2 leopard geckos (D:3)
  An orc (D:4)
  2 giant cockroaches (D:3)
  A hobgoblin (D:3)
  A jackal (D:4)
  A kobold (D:3)
  A frilled lizard (D:4)
22 creatures vanquished.

Grand Total: 111 creatures vanquished

Notes
Turn   | Place    | Note
-------+----------+-------------------------------------------
     0 | D:1      | Mrkan the Minotaur Fighter began the quest for the Orb.
     0 | D:1      | Reached XP level 1. HP: 19/19 MP: 0/0
    99 | D:1      | Reached XP level 2. HP: 27/27 MP: 1/1
   134 | D:1      | Reached skill level 3 in Maces & Flails
   436 | D:1      | Reached XP level 3. HP: 27/33 MP: 2/2
   865 | D:2      | Found a glowing golden altar of the Shining One.
  1142 | D:2      | Found a radiant altar of Vehumet.
  1147 | D:2      | Found a basalt altar of Yredelemnul.
  1176 | D:2      | Became a worshipper of Yredelemnul the Dark
  1187 | D:2      | Found a blossoming altar of Fedhas.
  1201 | D:2      | Noticed a sky beast
  1235 | D:2      | Killed a sky beast
  1235 | D:2      | Reached skill level 4 in Maces & Flails
  1235 | D:2      | Reached XP level 4. HP: 4/41 MP: 3/3
  1235 | D:2      | Reached XP level 5. HP: 5/47 MP: 4/4
  1635 | D:2      | Noticed Terence
  1646 | D:2      | Killed Terence
  1993 | D:3      | Reached * piety under Yredelemnul
  2333 | D:3      | Reached skill level 5 in Maces & Flails
  2494 | D:3      | Found a shimmering altar of Xom.
  2603 | D:4      | Noticed yrara's ghost (novice DsFi)
  2609 | D:4      | Found a transporter.
  2617 | D:4      | Reached XP level 6. HP: 55/55 MP: 5/5
  2631 | D:4      | Reached skill level 5 in Shields
  2633 | D:4      | Reached skill level 5 in Fighting
  2633 | D:4      | Reached skill level 5 in Armour
  2949 | D:4      | Found a transporter.
  2965 | D:4      | Found a hide-covered altar of Uskayaw.
  3808 | D:5      | Entered Level 5 of the Dungeon
  3812 | D:5      | Reached skill level 6 in Maces & Flails
  3814 | D:5      | Noticed Grinder
  3818 | D:5      | Killed Grinder
  3818 | D:5      | Reached XP level 7. HP: 43/61 MP: 6/6
  3911 | D:5      | Noticed Sigmund
  3917 | D:5      | Killed Sigmund
  4104 | D:5      | Reached ** piety under Yredelemnul
  4275 | D:5      | Reached skill level 7 in Maces & Flails
  4393 | D:5      | Noticed Pikel
  4404 | D:5      | Killed a flying skull
  4412 | D:5      | Slain by Pikel

Skill      XL: |  1  2  3  4  5  6  7 |
---------------+----------------------+-----
Maces & Flails | 3 4 5 6 7 |  7.3
Armour         | 4 5 6 |  6.1
Shields        | 4 5 6 |  6.1
Fighting       | 4 5 6 |  6.1

Action                   |  1- 3 |  4- 6 |  7- 9 || total
-------------------------+-------+-------+-------++-------
Melee: Flail             |   139 |   104 |    60 ||   303
       Headbutt          |    16 |    22 |    10 ||    48
  Use: Potion            |       |       |     1 ||     1
  Eat: Chunk             |     1 |     7 |       ||     8
       Ration            |       |       |     1 ||     1
Armor: Scale mail        |    90 |     3 |       ||    93
       Chain mail        |       |    50 |    65 ||   115
Dodge: Dodged            |    40 |    25 |    26 ||    91
Block: Shield            |    81 |    45 |    33 ||   159
